 Dungeon Crawl Stone Soup version 0.29.1-1-gd02db6906a (webtiles) character file.

Game seed: 15085341178511810080

95 warriortoast the Conjurer (level 4, 0/24 HPs)
             Began as a Deep Elf Conjurer on Sept 22, 2022.
             Succumbed to an adder's poison
             ... on level 3 of the Dungeon.
             The game lasted 00:05:35 (2354 turns).

warriortoast the Conjurer (Deep Elf Conjurer)       Turns: 2354, Time: 00:05:36

Health: 0/24       AC:  2    Str:  1 (4)  XL:     4   Next: 40%
Magic:  8/13       EV: 12    Int: 24 (25) God:
Gold:   107        SH:  0    Dex: 10 (13) Spells: 12/13 levels left

rFire   . . .      SeeInvis .   k - +1 mace (protect)
rCold   . . .      Faith    .   (no shield)
rNeg    . . .      Spirit   .   a - +0 robe
rPois   .          Reflect  .   (no helmet)
rElec   .          Harm     .   (no cloak)
rCorr   .          Rampage  .   (no gloves)
Will    .....                   (no boots)
Stlth   ++........              (no amulet)
HPRegen 0.08/turn               (no ring)
MPRegen 0.13/turn               (no ring)

@: lethally poisoned (0 -> -11), very slightly contaminated
A: no striking features
a: no special abilities


You were on level 3 of the Dungeon.
You visited 1 branch of the dungeon, and saw 3 of its levels.

You collected 107 gold pieces.

Inventory:

Hand Weapons
 k - a +1 mace of protection (weapon)
Missiles
 g - 3 poisoned darts
Armour
 a - a +0 robe (worn)
 p - a +0 buckler
Jewellery
 o - a +6 ring of dexterity
Scrolls
 d - 2 scrolls of butterflies {unknown}
 e - 2 scrolls of magic mapping {unknown}
 j - 2 scrolls of identify {unknown}
 m - a scroll of blinking {unknown}
 n - a scroll of poison {unknown}
Potions
 b - a potion of attraction {unknown}
 c - 2 potions of degeneration
 f - a potion of ambrosia {unknown}
 h - a potion of haste
 i - a potion of flight {unknown}
 l - a potion of lignification {unknown}


   Skills:
 - Level 2.4 Dodging
 - Level 2.4 Stealth
 + Level 5.0 Spellcasting
 + Level 5.5 Conjurations


You had 12 spell levels left.
You knew the following spells:

 Your Spells              Type           Power      Damage    Failure   Level
a - Magic Dart            Conj           100%       1d8       1%          1

Your spell library contained the following spells:

 Spells                   Type           Power      Damage    Failure   Level
 Searing Ray              Conj           64%        2d6       1%          2
 Apportation              Tloc           12%        N/A       9%          1
 Necrotise                Necr           24%        1d5       9%          1
 Summon Small Mammal      Summ           24%        N/A       9%          1
 Dazzling Flash           Conj/Hex       38%        N/A       9%          3
 Fulminant Prism          Conj/Hex       9%         3d7       28%         4
 Iskenderun's Mystic Bla  Conj/Tloc      19%        2d6       28%         4


Dungeon Overview and Level Annotations

Branches:
Dungeon (3/15)

Altars:

Portals:
Sewer: D:3


Message History

The adder is lightly wounded.
The giant cockroach waves its antennae.
The adder misses you.
Unknown command.
Casting: Magic Dart (safe; 1% risk of failure)
Confirm with . or Enter, or press ? or * to list all spells.
Aiming: Magic Dart (safe; 1% risk of failure)
Press: ? - help, Shift-Dir - straight line, f/p - adder
Aim: an adder (lightly wounded, 100% to hit)
You miscast Magic Dart.
You are very lightly contaminated with residual magic.
Nothing appears to happen.
The adder bites you.
* * * LOW HITPOINT WARNING * * *
You are poisoned.
The adder poisons you!
The giant cockroach bites you but does no damage.
The adder barely misses you.
Unknown command.
Casting: Magic Dart (safe; 1% risk of failure)
Confirm with . or Enter, or press ? or * to list all spells.
Aiming: Magic Dart (safe; 1% risk of failure)
Press: ? - help, Shift-Dir - straight line, f/p - adder
Aim: an adder (lightly wounded, 100% to hit)
The magic dart hits the adder.
The adder is heavily wounded.
* * * LOW HITPOINT WARNING * * *
You feel sick. The adder barely misses you. The giant cockroach misses you.
The adder bites you.
* * * LOW HITPOINT WARNING * * *
You are more poisoned.
The adder poisons you! The adder barely misses you.
Unknown command.
Casting: Magic Dart (safe; 1% risk of failure)
Confirm with . or Enter, or press ? or * to list all spells.
Aiming: Magic Dart (safe; 1% risk of failure)
Press: ? - help, Shift-Dir - straight line, f/p - adder
Aim: an adder (heavily wounded, 100% to hit)
The magic dart hits the adder.
The adder is severely wounded.
You die...

#####......#
#..........#
#..........#
#..........#
#.....>....#
#..........#
#####.....######
#.........#
#...B@S...#
#..##S##..#
#..#~B~#..#
#..#~~~#.##
#..#~∩~#.#
#..#~~~#.#
#..#~~~#.#
#..#####.#


You could see 2 adders and 2 giant cockroaches.

Vanquished Creatures
  2 adders
  4 dart slugs
  10 orcs (D:3)
  2 ball pythons (D:1)
  2 bats (D:3)
  7 endoplasms
  A giant cockroach (D:2)
  2 goblins
  6 hobgoblins
  3 jackals (D:2)
  3 kobolds
  2 quokkas
  5 frilled lizards
  5 rats
54 creatures vanquished.

Notes
Turn   | Place    | Note
-------+----------+-------------------------------------------
     0 | D:1      | warriortoast the Deep Elf Conjurer began the quest for the
                  | Orb.
     0 | D:1      | Reached XP level 1. HP: 10/10 MP: 6/6
   264 | D:1      | Reached XP level 2. HP: 15/15 MP: 2/8
  1276 | D:2      | Found a faded altar of an unknown god.
  1296 | D:2      | Reached skill level 5 in Conjurations
  1296 | D:2      | Reached XP level 3. HP: 19/19 MP: 6/10
  2156 | D:3      | Reached XP level 4. HP: 21/24 MP: 6/12
  2270 | D:3      | Reached skill level 5 in Spellcasting
  2350 | D:3      | Found a glowing drain.
  2354 | D:3      | Succumbed to an adder's poison

Illustrated notes

Levels and vault maps discovered:
D:1:      co_arrival_random_square_maze, layout_loops_ring
D:2:      layout_loops_cross, hellmonk_ecumenical_altar_run_dry
D:3:      layout_basic, gup_sewer_entry_glass

Skill      XL: |  1  2  3  4 |
---------------+-------------+-----
Spellcasting   | 4 5 |  5.0
Conjurations   | 5 |  5.5
Dodging        | |  2.4
Stealth        | |  2.4

Action                   |  1- 3 |  4- 6 || total
-------------------------+-------+-------++-------
 Cast: Magic Dart        |    79 |    32 ||   111
  Use: Potion            |       |     3 ||     3
Armor: Robe              |     1 |     2 ||     3
Dodge: Dodged            |     4 |    14 ||    18
